 Dungeon Crawl Stone Soup version 0.31-a0-246-g8cbcc1cb85 (webtiles) character file.

Game seed: 6182109996187516940

597 Nietzsche the Poker (level 7, -7/53 HPs)
             Began as a Merfolk Gladiator on July 12, 2023.
             Mangled by a wyvern (10 damage)
             ... on level 8 of the Dungeon.
             The game lasted 00:07:09 (3394 turns).

Nietzsche the Poker (Merfolk Gladiator)             Turns: 3394, Time: 00:07:09

Health: -7/53      AC:  7    Str: 15    XL:     7   Next: 40%
Magic:  11/11      EV: 15    Int:  9    God:
Gold:   186        SH:  0    Dex: 21    Spells: 11/11 levels left

rFire   . . .        a - +0 trident
rCold   . . .        (no shield)
rNeg    . . .        b - +0 leather armour
rPois   .            c - +0 helmet
rElec   .            j - +2 cloak
rCorr   .            (no gloves)
SInv    .            (no boots)
Will    +....        (no amulet)
Stlth   ++           q - +6 ring of dexterity
HPRegen 0.28/turn    (no ring)
MPRegen 0.12/turn

%: no passive effects
@: enlightened, flying
A: (nimble swimmer 2), mertail
a: no special abilities


You were on level 8 of the Dungeon.
You visited 1 branch of the dungeon, and saw 6 of its levels.

You collected 186 gold pieces.

Inventory:

Hand Weapons
 a - a +0 trident (weapon)
Missiles
 d - 3 throwing nets (quivered)
 e - a javelin
Armour
 b - a +0 leather armour (worn)
 c - a +0 helmet (worn)
 j - a +2 cloak (worn)
Jewellery
 p - a ring of poison resistance
 q - a +6 ring of dexterity (left hand)
Scrolls
 i - 2 scrolls of identify
 l - 4 scrolls of noise
 m - a scroll of torment
 o - a scroll of teleportation {unknown}
Potions
 f - 2 potions of enlightenment
 g - a potion of resistance
 h - a potion of degeneration {unknown}
 k - 2 potions of curing
 n - a potion of heal wounds {unknown}


   Skills:
 + Level 3.7 Fighting
 + Level 7.6 Polearms
 + Level 2.1 Throwing
 + Level 1.6 Armour
 + Level 5.0 Dodging
 + Level 1.3 Stealth
 * Level 2.7 Spellcasting


You had 11 spell levels left.
You didn't know any spells.
Your spell library contained the following spells:

 Spells                   Type           Power      Damage    Failure   Level
 Hailstorm                Conj/Ice       1%         3d3       75%         3
 Summon Ice Beast         Ice/Summ       1%         N/A       98%         4
 Simulacrum               Ice/Necr       0%         N/A       100%        6


Dungeon Overview and Level Annotations

Branches:
Dungeon (5/15)
 Temple: D:4-7

Altars:
Fedhas
Okawaru
Qazlal
Ru
Uskayaw
Wu Jian


Innate Abilities, Weirdness & Mutations

((You are very nimble when in or above water. (Stealth+, EV+, Speed+++)))
Your lower body shifts to a powerful aquatic tail in water.


Message History

A wyvern comes into view.
Found a sacrificial altar of Ru.
Found a metallic ruby potion.
The wyvern hisses angrily.
The wyvern misses you.
You hit the wyvern.
The wyvern is lightly wounded.
The wyvern bites you!
You closely miss the wyvern. You punch the wyvern.
The wyvern is lightly wounded.
The wyvern closely misses you.
You hit the wyvern but do no damage.
The wyvern is lightly wounded.
The wyvern barely misses you.
The wyvern hisses menacingly.
The wyvern bites you!
You hit the wyvern but do no damage.
The wyvern is lightly wounded.
The wyvern bites you!
You closely miss the wyvern.
The wyvern is lightly wounded.
The wyvern barely misses you.
You closely miss the wyvern.
The wyvern is lightly wounded.
The wyvern barely misses you. The wyvern bites you.
You hit the wyvern but do no damage.
The wyvern is lightly wounded.
The wyvern barely misses you.
You completely miss the wyvern.
The wyvern is lightly wounded.
The wyvern bites you!
* * * LOW HITPOINT WARNING * * *
The wyvern misses you.
It was a potion of enlightenment.
You feel very buoyant.
You fly up into the air.
The wyvern barely misses you. The wyvern bites you!
* * * LOW HITPOINT WARNING * * *
The wyvern attacks as you move away! The wyvern bites you!
You die...

....# ..... #..#
....#.......#..# ##
..#.#.......#..########..
..#.^..._...#..#........
Y.#.#.......#.#..# ##!###
..#.#.......#.#..##.....##
#....#.......#
####..#.#.......#
.......@l..._....
#######.#.......#
#.#.......# #.##.....##
#.# ##.### #.. ... ... .##
##. ##


You could see a wyvern.

Vanquished Creatures
  Grinder (D:3)
  A water moccasin (D:4)
  Jessica (D:2)
  An iguana (D:3)
  Natasha (thrice) (D:3)
  Robin (D:3)
  3 gnolls (D:2)
  3 adders
  A white imp (D:8)
  An ufetubus (D:4)
  3 worms
  2 dart slugs (D:1)
  2 orcs (D:4)
  10 endoplasms
  A giant cockroach (D:3)
  14 goblins
  11 hobgoblins
  6 jackals
  4 quokkas
  5 ball pythons
  4 bats
  A frilled lizard (D:3)
  4 kobolds
  2 rats (D:2)
85 creatures vanquished.

Notes
Turn   | Place    | Note
-------+----------+-------------------------------------------
     0 | D:1      | Nietzsche the Merfolk Gladiator began the quest for the
                  | Orb.
     0 | D:1      | Reached XP level 1. HP: 16/16 MP: 1/1
    81 | D:1      | Reached XP level 2. HP: 22/22 MP: 2/2
   606 | D:1      | Reached XP level 3. HP: 28/28 MP: 3/3
   657 | D:2      | Noticed Jessica
   667 | D:2      | Killed Jessica
   740 | D:2      | Reached skill level 1 in Spellcasting
   823 | D:2      | Reached XP level 4. HP: 31/34 MP: 5/5
  1194 | D:2      | Reached skill level 5 in Polearms
  1219 | D:2      | Reached XP level 5. HP: 37/40 MP: 5/7
  1431 | D:3      | Noticed Grinder
  1448 | D:3      | Killed Grinder
  1449 | D:3      | Reached skill level 6 in Polearms
  1449 | D:3      | Reached skill level 1 in Armour
  1449 | D:3      | Reached XP level 6. HP: 19/47 MP: 7/9
  1695 | D:3      | Noticed Robin
  1703 | D:3      | Killed Robin
  2078 | D:3      | Reached skill level 7 in Polearms
  2088 | D:3      | Found an ornate altar of the Wu Jian Council.
  2095 | D:3      | Noticed a spectral centipede
  2095 | D:3      | Noticed a spectral black mamba
  2095 | D:3      | Noticed a spectral cane toad
  2151 | D:3      | Noticed Natasha
  2156 | D:3      | Killed Natasha
  2246 | D:3      | Found a stormy altar of Qazlal.
  2285 | D:3      | Found a faded altar of an unknown god.
  2285 | D:3      | Noticed Natasha
  2292 | D:3      | Killed Natasha
  2293 | D:3      | Reached skill level 5 in Dodging
  2293 | D:3      | Reached skill level 1 in Stealth
  2299 | D:3      | Found a hide-covered altar of Uskayaw.
  2381 | D:3      | Noticed Natasha
  2398 | D:3      | Killed Natasha
  2399 | D:3      | Reached XP level 7. HP: 41/52 MP: 10/10
  2853 | D:4      | Found a blossoming altar of Fedhas.
  3322 | D:5      | Entered Level 5 of the Dungeon
  3322 | D:5      | You fall into a shaft and drop 3 floors!
  3360 | D:8      | Noticed a yak
  3365 | D:8      | Found an iron altar of Okawaru.
  3380 | D:8      | Found a sacrificial altar of Ru.
  3380 | D:8      | Noticed a wyvern
  3394 | D:8      | Mangled by a wyvern

Illustrated notes

Levels and vault maps discovered:
D:1:      eino_arrival_cavern_d, layout_basic, minivault_25
D:2:      layout_basic, uniq_jessica
D:3:      layout_loops_corners, nicolae_overflow_ecumenical_swirl,
          mainiacjoe_overflow_alcove_1, pdpol_wu_jian_five_deadly_venoms,
          uniq_robin, uniq_natasha, uniq_grinder
D:4:      layout_cave_pools, fedhas_altar_4, serial_rivers,
          chequers_serial_rivers_micro_a, chequers_serial_rivers_small_a,
          chequers_serial_rivers_micro_c, chequers_serial_rivers_room_a,
          chequers_serial_rivers_large_a, chequers_serial_rivers_small_b
D:5:      layout_loops_ring, temple_fountains, minmay_circle_x, uniq_pikel
D:8:      layout_loops_ring, old_standard_altar, lemuel_tele_altar,
          minmay_holes, minmay_misc_feat_plants, chequers_arboretum,
          minmay_manual_mess

Skill      XL: |  1  2  3  4  5  6 |
---------------+-------------------+-----
Spellcasting   | 1 2 |  2.7
Polearms       | 5 6 7 |  7.6
Fighting       | 3 |  3.7
Armour         | 1 |  1.6
Dodging        | 5 |  5.0
Stealth        | 1 |  1.3
Throwing       | |  2.1

Action                     |  1- 3 |  4- 6 |  7- 9 || total
---------------------------+-------+-------+-------++-------
  Melee: Trident           |    71 |   156 |    79 ||   306
         Punch             |       |     3 |     2 ||     5
    Use: Scroll            |       |     8 |       ||     8
         Potion            |       |       |     2 ||     2
   Stab: Sleeping          |     1 |     3 |     2 ||     6
         Distracted        |     1 |       |       ||     1
 Armour: Leather armour    |    14 |    29 |    10 ||    53
  Dodge: Dodged            |    30 |    79 |    53 ||   162

Table legend: (Time is in decaauts)
 A = Elapsed time spent in this place.
 B = Non-inter-level travel time spent in this place.
 C = Inter-level travel time spent in this place.
 D = Time resting spent in this place.
 E = Time spent auto-exploring this place.
 F = Levels seen in this place.
 G = Mean time per level.
                   A        B        C        D        E       F      G
               +--------+--------+--------+--------+--------+-----+--------+
         Total |   3384 |   3122 |    262 |      0 |   2366 |   6 |  564.0 |
       Dungeon |   3384 |   3122 |    262 |      0 |   2366 |   6 |  564.0 |
               +--------+--------+--------+--------+--------+-----+--------+

Top non-repeatable levels by time:
     D:3: 1270 daAuts
     D:2: 749 daAuts
     D:1: 659 daAuts
     D:4: 635 daAuts
     D:8: 70 daAuts
